Map: 이터널 엠파이어 - 래더

Players

Astrea

  • Race: Protoss Protoss
  • Spawn Location: 1:00

DPGCure (Cure) - Winner!

  • Race: Terran Terran
  • Spawn Location: 7:00

Event: StayAtHomestory Cup #2

VOD

Have the link to the VOD?

Description

Time

  • Played on: June 11, 2020, 8:34 a.m.
  • Length: 14:50

All games in this series

Show
View Real Time Build Order
Export as new Build Order

Astrea Protoss 

Build Orders: 1 Gate Expand, Blink Stalkers 

Get SALT Encoding   

  12  0:00  Probe  
  13  0:12  Probe  
  14  0:16  Pylon  
  14  0:23  Probe  
  15  0:31  Probe  
  16  0:37  Gateway  
  16  0:39  Probe  
  16  0:45  Assimilator  
  17  0:51  Probe  
  18  1:03  Probe  
  19  1:15  Probe  
  20  1:23  Cybernetics Core  
  20  1:32  Nexus  
  20  1:36  Probe  
  21  1:42  Pylon  
  21  1:48  Probe  
  21  1:50  Adept  
  21  1:51  Assimilator  
  22  2:00  Probe  
  25  2:03  Warp Gate  
  25  2:10  Stalker  
  25  2:12  Probe  
  28  2:24  Probe  
  29  2:36  Probe  
  30  2:42  Probe  
  30  2:48  Probe, Twilight Council  
  30  2:50  Probe  
  33  3:00  Probe, Robotics Facility  
  33  3:01  Probe  
  35  3:10  Blink  
  35  3:13  Probe x2  
  37  3:21  Gateway  
  37  3:23  Gateway  
  37  3:26  Probe  
  38  3:28  Probe  
  38  3:38  Probe  
  38  3:40  Probe  
  40  3:43  Observer  
  40  3:45  Gateway  
  40  3:50  Probe  
  40  3:52  Pylon, Stalker  
  40  3:55  Probe  
  45  4:02  Assimilator  
  45  4:03  Probe  
  45  4:08  Probe  
  45  4:11  Warp Prism  
  45  4:15  Probe  
  48  4:17  Stalker  
  48  4:21  Probe, Stalker  
  53  4:32  Shield Battery  
  53  4:37  Pylon  
  53  4:39  Pylon  
  53  4:47  Observer  
  54  4:56  Stalker x4  
  62  5:06  Probe  
  62  5:13  Probe  
  62  5:18  Pylon  
  62  5:21  Assimilator, Stalker x4  
  70  5:29  Pylon  
  70  5:36  Probe x2  
  72  5:49  Probe, Stalker x4  
  81  5:52  Pylon  
  81  6:09  Nexus  
  81  6:12  Sentry x3  
  81  6:16  Forge  
  87  6:19  Forge  
  87  6:26  Probe  
  87  6:27  Probe  
  87  6:29  Sentry  
  87  6:32  Pylon  
  89  6:33  Charge  
  87  6:40  Observer  
  87  6:43  Probe x2  
  87  6:44  Stalker x3  
  87  6:45  Protoss Ground Armor Level 1, Protoss Ground Weapons Level 1  
  89  6:51  Probe  
  89  6:52  Probe  
  93  7:01  Probe x2  
  95  7:10  Gateway  
  95  7:11  Gateway  
  95  7:14  Gateway  
  94  7:25  Probe x3  
  97  7:33  Photon Cannon  
  97  7:34  Shield Battery  
  97  7:36  Pylon  
  97  7:47  Immortal  
  95  7:55  Probe  
  95  7:56  Probe x2  
  102  8:01  Stalker x4  
  106  8:08  Probe x2  
  106  8:12  Observer, Probe  
  105  8:20  Probe x2  
  105  8:23  Sentry x3  
  105  8:25  Zealot x4  
  105  8:26  Immortal  
  125  8:30  Observer  
  125  8:35  Pylon  
  125  8:36  Pylon  
  125  8:37  Pylon  
  125  8:38  Robotics Bay  
  125  8:42  Protoss Ground Weapons Level 2, Protoss Ground Armor Level 2  
  123  8:53  Probe x2  
  121  9:03  Zealot x4  
  121  9:06  Probe x2, Assimilator  
  121  9:07  Zealot x3  
  121  9:08  Assimilator  
  137  9:19  Colossus  
  137  9:22  Pylon  
  137  9:28  Nexus  
  141  9:43  Pylon  
  141  9:48  Probe x3  
  144  9:58  Extended Thermal Lance  
  132  10:00  Probe x3  
  132  10:02  Stalker x2  
  132  10:03  Zealot x5  
  149  10:11  Photon Cannon  
  149  10:12  Shield Battery  
  149  10:13  Pylon  
  149  10:16  Colossus  
  151  10:34  Zealot x7  
  134  10:42  Probe  
  134  10:44  Probe x3  
  126  10:55  Probe  
  120  10:57  Probe, Protoss Ground Armor Level 3  
  120  10:59  Probe x2  
  119  11:05  Probe  
  119  11:07  Observer, Probe  
  119  11:09  Dark Shrine  
  127  11:11  Probe x2  
  127  11:13  Probe  
  127  11:17  Protoss Ground Weapons Level 3  
  124  11:18  Zealot  
  124  11:19  Probe  
  124  11:23  Probe x2  
  129  11:25  Probe  
  129  11:31  Probe  
  129  11:34  Colossus  
  129  11:35  Probe  
  129  11:37  Stalker x5  
  146  12:00  Zealot x2  
  147  12:02  Zealot x5  
  153  12:11  Probe  
  138  12:17  Probe  
  138  12:22  Probe x2, Zealot x3  
  142  12:27  Stalker  
  142  12:28  Colossus  
  136  12:30  Shadow Stride  
  136  12:32  Stalker x2  
  136  12:36  Probe  
  137  12:42  Probe  
  137  12:44  Probe x2  
  137  12:45  Probe  
  137  12:50  Probe  
  139  12:53  Probe, Dark Templar x2  
  139  12:56  Probe x2  
  139  12:58  Dark Templar  
  149  13:07  Zealot x4  
  149  13:08  Probe x2  
  149  13:11  Probe x2  
  157  13:20  Probe  
  158  13:30  Probe x2  
  158  13:32  Disruptor  
  158  13:40  Probe  
  160  13:46  Probe  
  159  13:48  Robotics Facility  
  159  13:49  Probe, Robotics Facility  
  159  13:50  Assimilator  
  159  13:51  Assimilator  
  159  13:53  Shield Battery  
  160  13:57  Photon Cannon  
  158  14:03  Dark Templar x3  
  158  14:06  Pylon  
  158  14:07  Pylon  
  158  14:30  Stalker x4  
  137  14:41  Zealot x3  
Show
View Real Time Build Order
Export as new Build Order

DPGCure Terran - Winner!

Build Orders: Reaper Expand 

Get SALT Encoding   

  12  0:00  SCV  
  13  0:12  SCV  
  14  0:17  Supply Depot  
  14  0:24  SCV  
  15  0:38  SCV  
  15  0:40  Barracks  
  16  0:42  Refinery  
  16  0:50  SCV  
  17  1:02  SCV  
  18  1:14  SCV  
  19  1:27  Orbital Command, Reaper  
  20  1:44  Command Center  
  20  1:49  Supply Depot  
  20  1:53  SCV  
  21  1:59  Marine  
  22  2:06  SCV  
  23  2:09  Factory  
  23  2:18  SCV  
  23  2:19  Barracks Reactor  
  24  2:26  Barracks  
  24  2:30  SCV  
  25  2:42  SCV  
  26  2:44  Refinery  
  26  2:54  SCV  
  26  2:58  Orbital Command  
  27  3:01  Hellion x2  
  27  3:03  Marine  
  32  3:06  SCV  
  33  3:13  Marine  
  33  3:18  SCV  
  35  3:21  Marine  
  35  3:22  Hellion  
  35  3:23  Hellion  
  35  3:26  SCV  
  41  3:30  SCV  
  41  3:31  Supply Depot  
  42  3:36  Barracks Tech Lab  
  42  3:38  SCV  
  42  3:42  SCV  
  42  3:47  Starport  
  42  3:48  Marine x2  
  44  3:49  Factory Reactor  
  44  3:52  Supply Depot  
  44  3:54  Marine, Stimpack  
  46  3:57  SCV  
  46  3:58  SCV  
  48  4:09  SCV  
  49  4:10  SCV  
  49  4:13  Marauder  
  49  4:14  Engineering Bay  
  52  4:21  Supply Depot  
  52  4:22  Medivac  
  52  4:23  Bunker  
  54  4:25  SCV x2  
  54  4:27  Widow Mine  
  54  4:30  Widow Mine  
  56  4:36  Marauder  
  56  4:37  SCV  
  56  4:38  SCV, Marine  
  60  4:39  Marine  
  60  4:44  Terran Infantry Weapons Level 1  
  62  4:48  Supply Depot  
  62  4:49  SCV  
  62  4:50  SCV  
  64  4:56  Marine x2  
  64  4:57  Marauder, Medivac  
  70  5:08  Widow Mine  
  70  5:10  Widow Mine  
  70  5:11  Supply Depot  
  70  5:14  Marine x2  
  70  5:16  SCV x2  
  70  5:19  Marauder  
  76  5:27  Barracks  
  76  5:30  SCV x2  
  76  5:33  Marine x2  
  80  5:35  Combat Shield  
  80  5:40  Marauder, Supply Depot  
  80  5:42  Factory Tech Lab  
  82  5:43  SCV x2  
  83  5:52  Refinery  
  83  5:54  Marine x2  
  85  5:58  SCV  
  85  6:00  SCV  
  85  6:02  Marauder  
  88  6:05  Medivac  
  88  6:10  SCV  
  91  6:11  Supply Depot x2  
  91  6:12  SCV, Marine x2  
  94  6:23  Medivac  
  94  6:25  Marauder  
  94  6:31  SCV, Concussive Shells  
  94  6:33  SCV, Marauder, Marine x2, Supply Depot x2  
  90  6:45  Medivac  
  84  6:50  Marine, Marauder  
  84  6:52  SCV x2  
  86  6:54  Marauder  
  86  6:55  Marine  
  89  7:02  Medivac  
  89  7:04  SCV  
  89  7:05  SCV  
  93  7:08  Marine  
  94  7:17  SCV x2, Command Center  
  94  7:21  Marauder  
  95  7:23  Marine x2  
  95  7:29  SCV x2  
  99  7:35  Terran Infantry Armor Level 1  
  99  7:51  Marine x2, Marauder x2  
  103  7:56  Refinery  
  105  7:58  Missile Turret  
  105  8:00  SCV x2  
  107  8:08  Medivac  
  107  8:09  Factory Reactor  
  107  8:11  Marine x2  
  107  8:14  SCV x2  
  109  8:22  Marauder x2  
  109  8:26  SCV x2  
  113  8:28  Marine  
  113  8:29  Marine  
  115  8:35  Barracks  
  115  8:36  Barracks  
  115  8:40  SCV x2  
  117  8:47  Armory  
  117  8:48  Engineering Bay  
  117  8:54  Marine x2, Marauder x2  
  117  8:55  SCV x2  
  123  8:57  Orbital Command  
  123  9:01  Viking  
  125  9:07  SCV x2  
  127  9:13  Marine x2  
  127  9:16  Widow Mine, Marauder x2  
  135  9:17  Widow Mine  
  135  9:22  SCV x2  
  138  9:24  Bunker  
  138  9:25  SCV  
  138  9:31  Barracks Reactor, Barracks Tech Lab  
  139  9:32  Marine x2  
  139  9:37  Terran Infantry Armor Level 2, Terran Infantry Weapons Level 2  
  140  9:42  Supply Depot  
  140  9:44  Supply Depot  
  140  9:45  Marauder x2  
  144  9:55  Marine x2, Marauder  
  147  10:00  Supply Depot  
  147  10:06  Medivac, Marauder x2  
  147  10:07  Marine x2, Widow Mine x2, Medivac  
  159  10:11  Supply Depot  
  159  10:12  Supply Depot  
  159  10:13  Marine x2  
  163  10:15  Refinery  
  163  10:16  Refinery  
  163  10:20  SCV  
  164  10:21  Ghost Academy  
  164  10:22  SCV  
  162  10:32  Marauder x3  
  163  10:36  Marine x4  
  136  10:50  Widow Mine, Medivac x2  
  136  10:51  Widow Mine  
  139  11:02  Marine x4, Marauder x2  
  139  11:03  Marauder  
  137  11:09  SCV x2  
  137  11:10  SCV  
  140  11:12  Widow Mine x2  
  140  11:14  Command Center  
  144  11:20  Enhanced Shockwaves, Medivac  
  144  11:22  Starport, Medivac  
  148  11:27  Marine x4, Marauder x2  
  148  11:28  Marauder  
  156  11:39  Widow Mine  
  154  11:40  Barracks x3  
  154  11:42  Widow Mine  
  154  11:46  SCV  
  154  11:47  SCV x2  
  155  12:01  Marine x4, Marauder x3  
  160  12:02  SCV  
  160  12:03  SCV x2, Viking  
  139  12:19  Marine x4  
  147  12:22  Viking, Marauder  
  147  12:23  Marauder x2  
  141  12:36  Marine x2  
  132  12:40  Viking  
  132  12:44  Barracks Reactor, Barracks Tech Lab x2, Marauder  
  136  12:49  SCV x3  
  137  12:52  Viking  
  137  12:53  Ghost x2  
  143  13:02  Viking x2  
  146  13:10  Ghost  
  146  13:11  Marauder  
  150  13:17  Missile Turret  
  150  13:19  Refinery  
  146  13:20  Missile Turret  
  146  13:21  Ghost  
  146  13:23  Marine x2  
  150  13:30  Planetary Fortress  
  150  13:34  Missile Turret  
  150  13:36  Ghost  
  150  13:38  Marauder  
  151  13:41  SCV x2  
  151  13:44  Ghost  
  151  13:46  Marine  
  155  13:51  Refinery  
  155  13:55  Ghost  
  155  13:56  Marine x2, Marauder  
  155  13:58  Marine  
  162  14:03  Marine x2, Marauder  
  162  14:07  Marine x2  
  164  14:31  Marine x4  
Tags
 
Add a new tag
Caveats
  • Supply blocks, unpowered buildings, or Contaminate may cause inaccurate times.
  • Supply counts are checked every 10 seconds.